 Dungeon Crawl Stone Soup version 0.24-a0-244-ga6a6ab7d13 (webtiles) character file.

Game seed: 7877655944668891864

9062 Redear the Carver (level 11, -11/62 HPs)
             Began as a Vine Stalker Warper on Apr 10, 2019.
             Was an Initiate of Cheibriados.
             Mangled by a freezing wraith (17 damage)
             ... on level 11 of the Dungeon on Apr 11, 2019.
             The game lasted 00:52:13 (9912 turns).

Redear the Carver (Vine Stalker Warper)             Turns: 9912, Time: 00:52:14

Health: -11/62     AC: 12    Str: 18    XL:     11   Next: 40%
Magic:  0/15       EV: 14    Int: 14    God:    Cheibriados [......]
Gold:   456        SH:  6    Dex: 15    Spells: 7/14 levels left

rFire    + . .     SeeInvis .   o - +2 short sword (elec)
rCold    . . .     Gourm    .   k - +3 buckler
rNeg     . . .     Faith    +   v - +4 scale mail {rPois} {rPois}
rPois    +         Spirit   +   J - +0 helmet
rElec    .         Reflect  .   (no cloak)
rCorr    .         Harm     .   (no gloves)
MR       +....                  j - +0 pair of boots
Stlth    ..........             i - amulet of faith {Faith}
HPRegen  0.60/turn              f - ring of protection from fire {rF+}
MPRegen  0.14/turn              (no ring)

@: very slow
A: fangs 3, mutation resistance 1, sense surroundings 1, regeneration 1, magic
shield, antimagic bite, no potion heal 3, rot immunity
a: Bend Time, Renounce Religion


You were on level 11 of the Dungeon.
You worshipped Cheibriados.
Cheibriados was noncommittal.
You were hungry.

You visited 1 branch of the dungeon, and saw 11 of its levels.
You also visited: Bailey.

You collected 456 gold pieces.

Inventory:

Hand Weapons
 a - a +0 falchion
 h - a +0 rapier of draining
 o - a +2 short sword of electrocution (weapon)
 I - a +0 dagger of venom
 K - a +2 dagger of freezing
 U - the +11 hand axe of Disintegration {flame, *Drain MR+ Int+6, unknown}
   (You found it on level 9 of the Dungeon)

   It has been specially enchanted to burn those struck by it, causing extra
   injury to most foes and up to half again as much damage against particularly
   susceptible opponents.
   Big, fiery blades are also staple armaments of hydra-hunters.
   It affects your intelligence (+6).
   It affects your resistance to hostile enchantments.
   It causes draining when unequipped.
Missiles
 c - 4 poisoned tomahawks
 e - a tomahawk of dispersal (quivered)
 V - 9 tomahawks
Armour
 b - a +0 leather armour
 j - a +0 pair of boots (worn)
 k - a +3 buckler (worn)
 v - a +4 scale mail of poison resistance (worn) {rPois}
 J - a +0 helmet (worn)
 Z - a +2 robe of magic resistance
Magical Staves
 u - an uncursed staff of cold {unknown}
Jewellery
 f - a ring of protection from fire (left hand) {rF+}
 i - an amulet of faith (around neck) {Faith}
 p - an uncursed amulet of the gourmand {Gourm}
 P - an uncursed amulet of guardian spirit {Spirit}
Wands
 A - a wand of acid (8)
 E - a wand of enslavement (5)
 F - a wand of random effects (21)
 O - a wand of clouds (3)
 S - a wand of scattershot (1)
Scrolls
 g - a scroll of amnesia
 l - 2 scrolls of vulnerability
 m - 3 scrolls of fear
 n - 3 scrolls of immolation
 r - a scroll of random uselessness {unknown}
 y - a scroll of silence
 B - a scroll of torment
 C - a scroll of noise {unknown}
 D - 2 scrolls of enchant weapon
 M - 2 scrolls of magic mapping
 N - 4 scrolls of remove curse {@r2}
 T - 3 scrolls of teleportation {@r3}
 X - a scroll of summoning {unknown}
Potions
 d - a potion of mutation {!q}
 q - a potion of invisibility {unknown}
 t - a potion of magic {unknown}
 w - a potion of haste {@q5}
 x - a potion of agility {unknown}
 G - a potion of degeneration {unknown}
 H - a potion of lignification {unknown}
 L - 2 potions of might {Str+5 DMG+1d10 | @q3}
 Q - 4 potions of curing {@q2}
 W - 2 potions of brilliance {unknown}
 Y - 2 potions of ambrosia {unknown}
Comestibles
 s - a chunk of flesh
 z - 19 rations


   Skills:
 + Level 9.5 Fighting
 + Level 9.5 Long Blades
 - Level 0.8 Throwing
 - Level 0.7 Armour
 + Level 8.7 Dodging
 - Level 2.1 Spellcasting
 - Level 3.0 Translocations


You had 7 spell levels left.
You knew the following spells:

 Your Spells              Type           Power        Failure   Level  Hunger
d - Blink                 Tloc           N/A          50%         2    ###....
h - Shroud of Golubria    Chrm/Tloc      #.........   71%         2    ###....
t - Teleport Other        Tloc           #.......     75%         3    ###....

Your spell library contained the following spells:

 Spells                   Type           Power        Failure   Level  Hunger
 Gell's Gravitas          Tloc           #.........   75%         3    ###....
 Lesser Beckoning         Tloc           #.........   75%         3    ###....
 Beastly Appendage        Tmut           #.....       78%         1    #......
 Sticks to Snakes         Tmut           #.......     89%         2    ###....
 Spider Form              Tmut/Pois      #.........   98%         3    ###....
 Passage of Golubria      Tloc           N/A          98%         4    #####..
 Ice Form                 Ice/Tmut       #.......     100%        4    #####..
 Blade Hands              Tmut           #.........   100%        5    ######.


Dungeon Overview and Level Annotations

Branches:
Dungeon (11/15)            Temple (0/1) D:6            Lair (0/6) D:10
    Orc (0/2) D:9

Altars:
Ashenzari
Cheibriados
Dithmenos
Elyvilon
Hepliaklqana
Kikubaaqudgha
Nemelex Xobeh
Qazlal
Ru
Trog
Uskayaw
Vehumet
Xom
Yredelemnul

Shops:
D:9 %

Annotations:
D:10 exclusion: oklob plant


Innate Abilities, Weirdness & Mutations

You have razor-sharp teeth.
Your natural rate of healing is unusually fast.
When hurt, damage is shared between your health and your magic reserves.
Your bite disrupts and absorbs the magic of your enemies.
Potions cannot restore your health.
You are immune to rotting.
You are somewhat resistant to further mutation.
You passively map a small area around you.


Message History

The freezing wraith completely misses you.
The freezing wraith misses you. What are your orders? t - Shout!
Orders for allies: a - Attack new target. p - Attack previous target. r - Retreat! s - Stop attacking. g - Guard the area. f - Follow me.
Anything else - Cancel.
Okay, then.
Press: ? - help, v - describe, . - travel
Here: a wight, wielding a +0 war axe and wearing a +0 robe The floor.
As you read the scroll of fear, it crumbles to dust.
You assume a fearsome visage.
The howler monkey skeleton is unaffected.
The crocodile looks frightened!
The freezing wraith is unaffected.
The wight is unaffected. x2; The freezing wraith hits you.
* * * LOW HITPOINT WARNING * * *
The freezing wraith freezes you!!
You die...

,
...................
,
....t..<...[.......
∩ ,
.......<...........
, ,
..........§.......
..................
..............####
, ............(.#
..........WZ..#,
##########@#### * ,
#z# * * #.# , * , ,
.z. , , , , , ,,
,..., *** , , .....
, * , , * *###.# *
.#


You could see a freezing wraith, a crocodile (fleeing), 2 wights and a howler
monkey skeleton.

Vanquished Creatures
  3 two-headed ogres
  A troll (D:9)
  9 yaks
  A wraith (D:10)
  4 hogs (D:8)
  A wyvern (D:8)
  2 hungry ghosts
  A human (D:8)
  Menkaure (D:6)
  Edmund (D:5)
  5 ice beasts
  2 orc warriors
  4 sky beasts
  A black bear (D:8)
  2 phantoms
  4 ogres
  An eye of draining (D:8)
  2 centaurs
  2 big kobolds
  5 bullfrogs
  2 scorpions (D:7)
  3 killer bees (D:10)
  A wight (D:11)
  4 crimson imps
  A quasit (D:9)
  8 human zombies (D:11)
  An orc priest (D:6)
  7 hounds
  4 jellies
  5 orc wizards
  2 bullfrog skeletons
  5 iguanas
  2 worker ants (D:10)
  A killer bee zombie (D:8)
  A hound skeleton (D:4)
  2 mummies
  A howler monkey zombie (D:7)
  2 worker ant zombies
  5 gnolls
  13 adders
  A howler monkey skeleton (D:3)
  A shadow imp (D:5)
  An adder skeleton (D:4)
  2 worms
  2 dart slugs
  3 leopard geckos
  28 orcs
  10 bats
  8 giant cockroaches
  4 hobgoblins
  13 jackals
  6 quokkas
  4 ball pythons
  5 frilled lizards
  10 goblins
  15 kobolds
  An orc zombie (D:11)
  A quokka skeleton (D:6)
  A quokka zombie (D:5)
  5 rats
243 creatures vanquished.

Vanquished Creatures (collateral kills)
  3 killer bees (D:10)
3 creatures vanquished.

Vanquished Creatures (others)
  3 killer bees (D:10)
3 creatures vanquished.

Grand Total: 249 creatures vanquished

Notes
Turn   | Place    | Note
-------+----------+-------------------------------------------
     0 | D:1      | Redear the Vine Stalker Warper began the quest for the Orb.
     0 | D:1      | Reached XP level 1. HP: 11/11 MP: 4/4
    67 | D:1      | Reached skill level 2 in Fighting
    67 | D:1      | Reached skill level 2 in Long Blades
    85 | D:1      | Reached XP level 2. HP: 11/15 MP: 6/6
   294 | D:1      | Reached skill level 2 in Dodging
   468 | D:2      | Reached XP level 3. HP: 14/18 MP: 5/7
   518 | D:2      | Found an ancient bone altar of Kikubaaqudgha.
   781 | D:2      | Gained mutation: You do not regenerate when monsters are
                  | visible. [potion of mutation]
   781 | D:2      | Gained mutation: You are somewhat resistant to further
                  | mutation. [potion of mutation]
   781 | D:2      | Gained mutation: You passively map a small area around you.
                  | [potion of mutation]
   890 | D:2      | Found a shattered altar of Ashenzari.
   945 | D:2      | Lost mutation: You do not regenerate when monsters are
                  | visible. [Vine Stalker growth]
   945 | D:2      | Gained mutation: Your natural rate of healing is unusually
                  | fast. [Vine Stalker growth]
   945 | D:2      | Reached XP level 4. HP: 2/23 MP: 3/8
  1009 | D:2      | Found a shadowy altar of Dithmenos.
  1432 | D:3      | Reached skill level 3 in Fighting
  1432 | D:3      | Reached skill level 3 in Long Blades
  1432 | D:3      | Reached XP level 5. HP: 27/28 MP: 7/9
  2076 | D:4      | Noticed an ogre
  2080 | D:4      | Killed an ogre
  2080 | D:4      | Reached skill level 3 in Dodging
  2080 | D:4      | Reached XP level 6. HP: 32/32 MP: 10/10
  2404 | D:4      | Noticed a phantom
  2449 | D:4      | Killed a phantom
  2479 | D:4      | Reached skill level 4 in Fighting
  2479 | D:4      | Reached skill level 4 in Long Blades
  2479 | D:4      | Reached XP level 7. HP: 37/37 MP: 11/11
  2494 | D:4      | Found a bloodstained altar of Trog.
  2705 | D:4      | Found a radiant altar of Vehumet.
  3196 | D:5      | Entered Level 5 of the Dungeon
  3232 | D:5      | Found a shimmering altar of Xom.
  3314 | D:4      | Reached skill level 4 in Dodging
  3475 | D:5      | You fall through a shaft for 2 floors!
  3587 | D:7      | Gained mutation: You have razor-sharp teeth. [Vine Stalker
                  | growth]
  3587 | D:7      | Reached XP level 8. HP: 31/42 MP: 9/12
  3622 | D:7      | Reached skill level 5 in Fighting
  3622 | D:7      | Reached skill level 5 in Long Blades
  3854 | D:7      | Reached skill level 5 in Dodging
  4132 | D:7      | Found a snail-covered altar of Cheibriados.
  4344 | D:6      | Found a sparkling altar of Nemelex Xobeh.
  4388 | D:6      | Found a staircase to the Ecumenical Temple.
  4506 | D:6      | Reached skill level 6 in Long Blades
  4592 | D:6      | Reached skill level 6 in Fighting
  4658 | D:6      | Reached XP level 9. HP: 48/48 MP: 13/13
  4778 | D:6      | Noticed a +0 hand axe
  4778 | D:6      | Noticed a +0 dagger
  4781 | D:6      | Found a hide-covered altar of Uskayaw.
  4918 | D:6      | Found a basalt altar of Yredelemnul.
  5026 | D:6      | Noticed Menkaure
  5032 | D:6      | Killed Menkaure
  5177 | D:5      | Noticed Edmund
  5190 | D:5      | Killed Edmund
  5234 | D:5      | Found a stormy altar of Qazlal.
  5295 | D:5      | Reached skill level 6 in Dodging
  5462 | D:5      | Found a white marble altar of Elyvilon.
  5852 | D:8      | Noticed a two-headed ogre
  5860 | D:8      | Noticed a two-headed ogre
  5948 | D:7      | Reached skill level 7 in Fighting
  5948 | D:7      | Reached skill level 7 in Long Blades
  6092 | D:8      | Learned a level 2 spell: Blink
  6095 | D:8      | Learned a level 2 spell: Shroud of Golubria
  6121 | D:7      | Learned a level 3 spell: Teleport Other
  6434 | D:9      | Noticed a troll
  6446 | D:9      | Killed a troll
  6446 | D:9      | Reached XP level 10. HP: 31/55 MP: 7/14
  6486 | D:9      | Reached skill level 7 in Dodging
  6507 | D:9      | Found a sacrificial altar of Ru.
  6508 | D:9      | Found Tuulusch's Food Boutique.
  6596 | D:9      | Reached skill level 8 in Fighting
  6596 | D:9      | Reached skill level 8 in Long Blades
  6734 | D:9      | Found a hazy altar of Hepliaklqana.
  6741 | D:9      | Found a flagged portal.
  6748 | D:9      | Got a shimmering hand axe
  6751 | Bailey   | Entered a bailey
  6812 | Bailey   | Noticed an orc high priest
  6812 | Bailey   | Noticed an orc sorcerer
  6829 | Bailey   | Noticed a smoke demon
  7044 | D:9      | Noticed a two-headed ogre
  7302 | D:8      | Killed a two-headed ogre
  7700 | D:8      | Killed a two-headed ogre
  7700 | D:8      | Reached skill level 8 in Dodging
  8059 | D:9      | Reached skill level 9 in Long Blades
  8059 | D:9      | Reached XP level 11. HP: 48/60 MP: 11/15
  8238 | D:9      | Found a staircase to the Orcish Mines.
  8369 | D:9      | Killed a two-headed ogre
  8369 | D:9      | Reached skill level 9 in Fighting
  8396 | D:10     | Entered Level 10 of the Dungeon
  8400 | D:10     | Noticed an oklob plant
  8403 | D:10     | HP: 4/62 [acid (9)]
  8524 | D:11     | Noticed a death knight
  8854 | D:10     | Found a staircase to the Lair.
  9444 | D:7      | Became a worshipper of Cheibriados the Contemplative
  9788 | D:11     | Found a basalt altar of Yredelemnul.
  9903 | D:11     | HP: 4/62 [death knight/+2 great mace (25)]
  9912 | D:11     | HP: 6/62 [freezing wraith (4)]
  9912 | D:11     | Mangled by a freezing wraith

Levels and vault maps discovered:
D:1:      lemuel_arrival_cross, layout_basic
D:2:      layout_basic, overflow_temple_1_default, kiku_gazebo_garden_becter,
          minmay_misc_feat_iff, lemuel_altar_in_water2
D:3:      layout_basic, lemuel_another_geyser
D:4:      layout_basic, vehumet_crystals, kennysheep_mini, minmay_cut_off
D:5:      layout_basic, overflow_temple_1_default, lemuel_crystal_altar,
          elyvilon_altar_3, first_ration, uniq_edmund
D:6:      layout_loops_ring, nemelex_xobeh_ov_fountains_minmay,
          dancing_weapons_uskayaw, lemuel_round_altar,
          minmay_temple_entry_slanted, uniq_menkaure
D:7:      layout_cave_pools, slow_altar_1
D:8:      layout_cave_pools, grunt_livestock
D:9:      layout_cave_pools, lemuel_crystal_altar,
          nicolae_overflow_hidden_temple, orc_0_dummy, serial_shops, shop,
          enter_bailey_2
D:10:     layout_roguey, dpeg_oklobed_lair, solitary_fountain
D:11:     minmay_blocky_corners, layout_long_grid, serial_shops, shop,
          lemuel_mausoleum_altar_yredelemnul
Bailey:   bailey_axe_of_yendor_kennysheep, bailey

Skill      XL: |  1  2  3  4  5  6  7  8  9 10 11 |
---------------+----------------------------------+-----
Fighting       | 2 3 4 6 7 8 9 |  9.5
Long Blades    | 2 3 4 6 7 9 |  9.5
Dodging        | 2 3 4 5 6 8 |  8.7
Throwing       | |  0.8
Armour         | |  0.7
Spellcasting   | |  2.1
Translocations | |  3.0

Action                   |  1- 3 |  4- 6 |  7- 9 | 10-12 || total
-------------------------+-------+-------+-------+-------++-------
Melee: Falchion          |    99 |    15 |     8 |       ||   122
       Bite              |    26 |    35 |    86 |   121 ||   268
       Short sword       |       |   122 |   326 |   303 ||   751
       Dagger            |       |       |     9 |    34 ||    43
Throw: Tomahawk          |       |       |       |     4 ||     4
Evoke: Wand              |       |       |     2 |     5 ||     7
  Use: Potion            |     3 |       |       |       ||     3
       Scroll            |       |     1 |     6 |    12 ||    19
  Eat: Chunk             |       |     5 |     7 |    13 ||    25
       Ration            |       |       |     2 |       ||     2
Armor: Leather armour    |    48 |    25 |    46 |    14 ||   133
       Scale mail        |       |       |       |    10 ||    10
Dodge: Dodged            |    82 |   100 |   183 |   156 ||   521
Block: Buckler           |       |       |    48 |    66 ||   114
       Rpst.: Falchion   |    21 |     5 |     2 |       ||    28

Table legend:
 A = Non-vault XP
 B = Vault XP
 C = Vault XP percentage of total XP
 D = Non-vault monster count
 E = Vault monster count
 F = Vault count percentage of total count
                 A         B        C        D         E       F
            +---------+---------+-------+---------+---------+-------
      Total |   10945 |    2002 |  15.5 |     219 |      27 |  11.0
            +---------+---------+-------+---------+---------+-------
        D:1 |      32 |       0 |   0.0 |      20 |       0 |   0.0
        D:2 |      64 |       0 |   0.0 |      22 |       0 |   0.0
        D:3 |     139 |       0 |   0.0 |      27 |       0 |   0.0
        D:4 |     647 |      13 |   2.0 |      18 |       1 |   5.3
        D:5 |     293 |     171 |  36.9 |      25 |       1 |   3.8
        D:6 |     724 |     172 |  19.2 |      16 |       1 |   5.9
        D:7 |    1285 |      18 |   1.4 |      25 |       1 |   3.8
        D:8 |    2794 |     940 |  25.2 |      13 |       5 |  27.8
        D:9 |    2847 |       0 |   0.0 |      21 |       0 |   0.0
       D:10 |    1992 |      93 |   4.5 |      30 |       1 |   3.2
       D:11 |     128 |     430 |  77.1 |       2 |      11 |  84.6
     Bailey |       0 |     165 | 100.0 |       0 |       6 | 100.0
            +---------+---------+-------+---------+---------+-------
